 Dungeon Crawl Stone Soup version 0.24-a0-497-g5a03d68f59 (webtiles) character file.

Game seed: 1344975712772175038

28497 KristoblXynda the Carver (level 13, -25/111 HPs)
             Began as a Yellow Draconian Skald on July 13, 2019.
             Was a Priest of Ashenzari.
             Shot with an arrow by a deep elf archer (31 damage)
             ... on level 13 of the Dungeon.
             The game lasted 00:31:00 (14085 turns).

KristoblXynda the Carver (Yellow Draconian Skald)  Turns: 14085, Time: 00:31:01

Health: -25/111    AC: 13    Str: 22    XL:     13   Next: 10%
Magic:  24/25      EV: 15    Int: 21    God:    Ashenzari [***...]
Gold:   1006       SH:  9    Dex: 15    Spells: 20/28 levels left

rFire    + + .     SeeInvis +   k - +5 scimitar (flame) (curse)
rCold    + . .     Gourm    .   m - +0 buckler
rNeg     . . .     Faith    .   (armour unavailable)
rPois    .         Spirit   .   (helmet restricted)
rElec    .         Reflect  +   t - +1 cloak
rCorr    +         Harm     .   B - +2 pair of gloves of Filth {Str+4 SInv} (curse)
MR       .....                  (no boots)
Stlth    ..........             j - +4 amulet of reflection
HPRegen  0.68/turn              E - ring of the Modern Shrikes {+Blink rF+ Int+7 SInv Stlth-} (curse)
MPRegen  0.19/turn              C - ring "Uluntif" {rF+ rC+ Str+3 Int-3 Dex+4} (curse)

@: short of breath
A: spit acid, unfitting armour, horns 1, blurry vision 1, regeneration 1,
cold-blooded, acid resistance, AC +8
a: Breathe Acid, Curse Item, Scrying, Renounce Religion, Evoke Blink


You were on level 13 of the Dungeon.
You worshipped Ashenzari.
Ashenzari was most pleased with you.
You were hungry.

You visited 3 branches of the dungeon, and saw 15 of its levels.
You also visited: Gauntlet.

You collected 1006 gold pieces.

Inventory:

Hand Weapons
 k - a cursed +5 scimitar of flaming (weapon)
 H - a +1 demon trident of pain
 R - a +2 scimitar of flaming
Armour
 m - a +0 buckler (worn)
 t - a +1 cloak (worn)
 B - the cursed +2 pair of gloves of Filth (worn) {Str+4 SInv}
   (You found it on level 7 of the Dungeon)

   It affects your strength (+4).
   It lets you see invisible.
   It has a curse placed upon it.
 I - the -6 hat of Aloap {rN+ MR- Int+3}
   (You found it in a Gauntlet)

   It affects your intelligence (+3).
   It protects you from negative energy.
   It affects your resistance to hostile enchantments.
Jewellery
 h - the amulet of Spite {rPois rC- rN+++ Regen+ Str-3}
   (You took it off a minotaur in a Gauntlet)

   [amulet of regeneration]

   It affects your strength (-3).
   It makes you vulnerable to cold.
   It protects you from poison.
   It renders you almost immune to negative energy.
   It increases your rate of regeneration.
 j - a +4 amulet of reflection (around neck)
 l - an uncursed ring of flight
 r - an uncursed ring of positive energy
 s - an uncursed ring of stealth
 w - an uncursed ring of ice
 C - the cursed ring "Uluntif" (right hand) {rF+ rC+ Str+3 Int-3 Dex+4}
   (You found it on level 7 of the Dungeon)

   [ring of strength]

   It affects your strength (+3).
   It affects your intelligence (-3).
   It affects your dexterity (+4).
   It protects you from fire.
   It protects you from cold.
   It has a curse placed upon it.
 E - the cursed ring of the Modern Shrikes (left hand) {+Blink rF+ Int+7 SInv Stlth-}
   (You found it on level 9 of the Dungeon)

   [ring of protection from fire]

   It affects your intelligence (+7).
   It protects you from fire.
   It lets you see invisible.
   It lets you blink.
   It makes you less stealthy.
   It has a curse placed upon it.
 F - an uncursed ring of see invisible
 J - the ring of Wufer {rPois rF+ rC- Int+8 Stlth+}
   (You found it in a Gauntlet)

   [ring of poison resistance]

   It affects your intelligence (+8).
   It protects you from fire.
   It makes you vulnerable to cold.
   It protects you from poison.
   It makes you more stealthy.
 K - the cursed necklace of Bloodlust {*Rage +Rage MR++ Int-3 Slay+6 *Curse}
   (You found it in a Gauntlet)

   [amulet of rage]

   It affects your intelligence (-3).
   It affects your accuracy and damage with ranged weapons and melee attacks
   (+6).
   It affects your resistance to hostile enchantments.
   It lets you go berserk.
   It may make you go berserk in combat.
   It curses itself when equipped.
   It has a curse placed upon it.
Wands
 p - a wand of paralysis (10)
 L - a wand of iceblast (12)
 M - a wand of acid (5)
 P - a wand of digging (6)
Scrolls
 b - a scroll of fear
 d - 7 scrolls of teleportation
 g - 2 scrolls of remove curse
 n - 7 scrolls of amnesia
 q - 5 scrolls of fog
 u - 2 scrolls of blinking
 x - 2 scrolls of identify
 y - a scroll of enchant armour
Potions
 e - a potion of agility
 f - 2 potions of ambrosia
 i - 3 potions of haste
 o - a potion of curing
 v - 4 potions of flight
 z - a potion of invisibility
 A - a potion of lignification
 Q - 3 potions of cancellation
Miscellaneous
 D - a fan of gales
 N - a box of beasts
 O - a lightning rod (4/4)
Comestibles
 c - 9 rations


   Skills:
 + Level 9.0 Fighting
 + Level 13.1(15.6) Long Blades
 - Level 5.3 Dodging
 - Level 4.2 Shields
 + Level 8.4 Spellcasting
 - Level 8.9(10.7) Charms
 + Level 7.7(9.6) Evocations


You had 20 spell levels left.
You knew the following spells:

 Your Spells              Type           Power        Failure   Level  Hunger
a - Spectral Weapon       Hex/Chrm       ####....     2%          3    None
b - Regeneration          Chrm/Necr      ####......   2%          3    None
c - Song of Slaying       Chrm           ######..     1%          2    None

Your spell library contained the following spells:

 Spells                   Type           Power        Failure   Level  Hunger
 Infusion                 Chrm           ####         1%          1    None
 Shroud of Golubria       Chrm/Tloc      ####..       1%          2    None
 Beastly Appendage        Tmut           #.....       7%          1    None
 Sticks to Snakes         Tmut           #.......     11%         2    None
 Spider Form              Tmut/Pois      #.........   21%         3    None
 Ice Form                 Ice/Tmut       #.......     56%         4    ###....
 Blade Hands              Tmut           #.........   88%         5    #####..


Dungeon Overview and Level Annotations

Branches:
Dungeon (13/15)            Temple (1/1) D:5            Lair (1/6) D:8
    Orc (0/2) D:10
 Vaults: D:13-14

Altars:
Ashenzari
Cheibriados
Dithmenos
Elyvilon
Fedhas
Gozag
Hepliaklqana
Kikubaaqudgha
Makhleb
Nemelex Xobeh
Okawaru
Qazlal
Ru
Sif Muna
Trog
Vehumet
Wu Jian
Xom
Yredelemnul
Zin
The Shining One

Shops:
D:10 =

Annotations:
D:7 2 runed translucent doors


Innate Abilities, Weirdness & Mutations

You can spit globs of acid.
Your golden yellow scales are hard. (AC +8)
You cannot fit into any form of body armour.
You are cold-blooded and may be slowed by cold attacks.
You are resistant to acid. (rCorr)
You have a pair of small horns on your head.
Scrolls take you a little longer to read.
Your natural rate of healing is unusually fast.


Message History

You slash the tengu conjurer! You burn the tengu conjurer.
You kill the tengu conjurer!
A wizard comes into view. It is wielding a +0 dagger.
The deep elf archer shoots an arrow.
The arrow hits you!!
* * * LOW HITPOINT WARNING * * *
You hear a shout!
A vault guard comes into view. It is wielding a +3 dire flail.
Things that are here:
the +1 robe of the Pits of Slime {rF+ rC++ Int-3 SInv} a tengu corpse The deep elf archer shoots an arrow.
The arrow hits you!
* * * LOW HITPOINT WARNING * * *
You see here an arrow.
Unknown command.
Really read with blurry vision while enemies are nearby?
The deep elf archer casts a spell at you.
You resist with significant effort.
You begin reading the scroll.
You continue reading the scroll.
The deep elf archer shoots an arrow.
The arrow hits you!!
You die...

####.# #.#..# .....#
#..≈≈#### * * ####.#
##.≈≈≈#... , #.#
#.≈≈≈≈.... ,
#.#######.≈≈≈≈o(. *
#......)..≈≈≈≈# * *
####.#######.≈≈≈≈#
.....# #..≈≈≈#####..
.....# ##..([@'pp....
.....# #......'...#..
.....# #......'...e..
#....# #...≈≈≈#####..,
* ##...######..≈≈≈≈# .
.#....(......≈≈≈≈#####
.###.#######.≈≈≈≈[...#,
, ..*#.# #.≈≈≈≈[...+,,
..##.# ##./≈≈#... ,


You could see a vault guard, an orc knight, a deep elf archer and a wizard.

Vanquished Creatures
  A minotaur (Gauntlet)
  An ettin (D:13)
  Erolcha (D:11)
  2 vault guards (D:13)
  3 centaur warriors (D:13)
  3 two-headed ogres
  2 skeletal warriors (D:13)
  Pikel (D:3)
  A necromancer (D:13)
  3 ugly things
  2 deep elf magi (D:12)
  2 cyclopes
  Joseph (D:9)
  A centaur skeleton (D:13)
  A gargoyle (D:13)
  3 kobold demonologists (D:11)
  3 efreet
  A red devil (Gauntlet)
  A troll (D:13)
  A tengu conjurer (D:13)
  4 hippogriffs
  6 shadows
  2 wraiths
  A spriggan (D:8)
  A wyvern (D:7)
  A fire elemental (Gauntlet)
  5 yaks
  Grum (D:8)
  A steam dragon (D:13)
  3 hungry ghosts
  A soldier ant (D:13)
  A water moccasin (D:8)
  Duvessa (D:4)
  2 hell hounds (Gauntlet)
  2 porcupines (D:8)
  2 black bears
  An ice beast (D:9)
  4 orc warriors
  4 phantoms
  2 slaves (D:3)
  2 eyes of draining
  2 necrophages (D:9)
  3 wolves (D:8)
  12 centaurs
  14 ogres
  2 crocodiles
  6 big kobolds
  11 bullfrogs
  Dowan (D:4)
  A wyvern zombie (D:13)
  2 scorpions
  9 wights
  A howler monkey (D:4)
  9 crimson imps
  5 centaur zombies
  5 bullfrog zombies
  6 jellies
  A quasit (D:12)
  7 hounds
  3 bullfrog skeletons
  7 orc priests
  Crazy Yiuf (D:6)
  11 orc wizards
  4 iguanas
  12 worker ants
  A killer bee zombie (D:10)
  A hound zombie (D:8)
  A hound skeleton (D:5)
  A howler monkey zombie (D:8)
  A worker ant zombie (D:9)
  A gnoll (D:7)
  5 adders
  A shadow imp (D:8)
  An ooze (D:4)
  3 adder skeletons
  An adder zombie (D:9)
  A worm (D:2)
  3 dart slugs
  4 leopard geckos
  41 orcs
  3 bats
  3 giant cockroaches
  11 goblins
  6 hobgoblins
  7 jackals
  4 quokkas
  6 frilled lizards
  A jackal skeleton (D:8)
  19 kobolds
  A quokka skeleton (D:4)
  6 rats
349 creatures vanquished.

Vanquished Creatures (others)
  A smoke demon (Gauntlet)
  A slave (D:4)
  An orc warrior (D:13)
  An iguana (D:4)
  18 demonic plants (Gauntlet)
  8 fungi (D:8)
  2 plants (D:8)
  A spectral weapon (D:13)
  A withered plant (Gauntlet)
34 creatures vanquished.

Grand Total: 383 creatures vanquished

Notes
Turn   | Place    | Note
-------+----------+-------------------------------------------
     0 | D:1      | KristoblXynda the Draconian Skald began the quest for the
                  | Orb.
     0 | D:1      | Reached XP level 1. HP: 17/17 MP: 3/3
   191 | D:1      | Reached XP level 2. HP: 24/24 MP: 5/5
   437 | D:2      | Gained mutation: You have a pair of small horns on your
                  | head. [potion of mutation]
   437 | D:2      | Gained mutation: Scrolls take you a little longer to read.
                  | [potion of mutation]
   437 | D:2      | Gained mutation: Your natural rate of healing is unusually
                  | fast. [potion of mutation]
   579 | D:2      | Reached XP level 3. HP: 22/29 MP: 0/6
   793 | D:2      | Reached skill level 3 in Long Blades
  1227 | D:2      | Reached XP level 4. HP: 33/36 MP: 2/7
  1441 | D:3      | Found a faded altar of an unknown god.
  1831 | D:4      | Noticed Pikel
  1831 | D:4      | Noticed a slave
  1831 | D:4      | Noticed a slave
  1831 | D:4      | Noticed a slave
  1831 | D:4      | Noticed a slave
  1831 | D:4      | Noticed an ogre
  1860 | D:3      | Killed a slave
  1871 | D:3      | Killed a slave
  1930 | D:3      | Learned a level 3 spell: Regeneration
  1933 | D:3      | Learned a level 2 spell: Song of Slaying
  1944 | D:4      | Noticed Duvessa
  1944 | D:4      | Noticed Dowan
  1944 | D:4      | Noticed an ogre
  2036 | D:4      | Reached skill level 4 in Long Blades
  2036 | D:4      | Reached XP level 5. HP: 39/41 MP: 8/8
  2606 | D:4      | Reached skill level 1 in Shields
  2698 | D:3      | Killed Pikel
  2698 | D:3      | Reached skill level 6 in Long Blades
  2698 | D:3      | Reached XP level 6. HP: 27/48 MP: 9/9
  2698 | D:3      | Your scales start taking on a golden yellow colour.
  2698 | D:3      | Reached XP level 7. HP: 31/55 MP: 10/10
  2698 | D:3      | Gained mutation: You are resistant to acid. (rCorr) [Yellow
                  | Draconian growth]
  3043 | D:4      | Reached skill level 5 in Charms
  3043 | D:4      | Reached XP level 8. HP: 23/61 MP: 11/11
  3122 | D:4      | Reached skill level 7 in Long Blades
  3206 | D:4      | Found a glowing golden altar of the Shining One.
  3309 | D:4      | Killed Duvessa
  3330 | D:4      | Killed Dowan
  3396 | D:5      | Entered Level 5 of the Dungeon
  3423 | D:5      | Found a staircase to the Ecumenical Temple.
  3437 | Temple   | Entered the Ecumenical Temple
  3457 | Temple   | Became a worshipper of Ashenzari the Shackled
  3715 | D:5      | Found a white marble altar of Elyvilon.
  4322 | D:5      | Found a burning altar of Makhleb.
  4450 | D:6      | Reached skill level 8 in Long Blades
  4935 | D:6      | Found a runed translucent door.
  4936 | D:6      | Noticed Crazy Yiuf
  5010 | D:6      | Found an ancient bone altar of Kikubaaqudgha.
  5015 | D:6      | Reached XP level 9. HP: 45/71 MP: 12/12
  5131 | D:6      | Killed Crazy Yiuf
  5303 | D:6      | Found a basalt altar of Yredelemnul.
  5482 | D:7      | Reached skill level 9 in Long Blades
  5784 | D:7      | Reached skill level 5 in Fighting
  5880 | D:7      | Found an ornate altar of the Wu Jian Council.
  6076 | D:7      | Found a large runed translucent door.
  6076 | D:7      | Found a large runed translucent door.
  6110 | D:7      | Reached skill level 10 in Long Blades
  6297 | D:7      | Identified the ring "Uluntif" {rF+ rC+ Str+3 Int-3 Dex+4}
  6302 | D:7      | Found a large runed translucent door.
  6302 | D:7      | Found a large runed translucent door.
  6354 | D:7      | Reached XP level 10. HP: 64/81 MP: 6/13
  6415 | D:7      | Got the uncursed pair of gloves of Filth {Str+4 SInv}
  6422 | D:7      | Identified the +2 pair of gloves of Filth {Str+4 SInv} (You
                  | found it on level 7 of the Dungeon)
  6660 | D:8      | Found a sparkling altar of Nemelex Xobeh.
  6661 | D:8      | Found a deep blue altar of Sif Muna.
  6663 | D:8      | Found an iron altar of Okawaru.
  6665 | D:8      | Found a hazy altar of Hepliaklqana.
  6666 | D:8      | Found a bloodstained altar of Trog.
  6672 | D:8      | Learned a level 3 spell: Spectral Weapon
  6702 | D:8      | Reached * piety under Ashenzari
  6760 | D:8      | Noticed Grum
  6775 | D:8      | Killed Grum
  6946 | D:8      | Found a staircase to the Lair.
  7002 | D:8      | Noticed a two-headed ogre
  7009 | D:8      | Killed a two-headed ogre
  7540 | D:8      | Reached skill level 5 in Dodging
  7577 | Lair:1   | Entered Level 1 of the Lair of Beasts
  7895 | D:9      | Identified the ring of the Modern Shrikes {+Blink rF+ Int+7
                  | SInv Stlth-}
  7935 | D:9      | Reached skill level 11 in Long Blades
  8051 | D:9      | Noticed Joseph
  8093 | D:9      | Killed Joseph
  8093 | D:9      | Reached skill level 1 in Evocations
  8145 | D:10     | Entered Level 10 of the Dungeon
  8398 | D:10     | Found a staircase to the Orcish Mines.
  8484 | D:10     | Reached XP level 11. HP: 86/86 MP: 16/18
  8657 | D:10     | Found Fothrastru's Jewellery Boutique.
  9148 | D:11     | Found a gate leading to a gauntlet.
  9159 | Gauntlet | Entered a Gauntlet
  9159 | Gauntlet | Found a transporter.
  9167 | Gauntlet | Noticed a necromancer
  9172 | Gauntlet | Found a transporter.
  9183 | Gauntlet | Found a transporter.
  9190 | Gauntlet | Found a transporter.
  9205 | Gauntlet | Found a transporter.
  9221 | Gauntlet | Noticed a death yak
  9221 | Gauntlet | Noticed a death yak
  9221 | Gauntlet | Noticed a death yak
  9224 | Gauntlet | Found a transporter.
  9233 | Gauntlet | Identified the amulet of Lyqari {Inacc rPois rF++ rN+
                  | Str+4}
  9234 | Gauntlet | Noticed a blizzard demon
  9236 | Gauntlet | Found a transporter.
  9248 | Gauntlet | Found the cursed necklace of Bloodlust {*Rage +Rage MR++
                  | Int-3 Slay+6 *Curse}
  9248 | Gauntlet | Found a transporter.
  9258 | Gauntlet | Noticed a fire crab
  9260 | Gauntlet | Found a transporter.
  9272 | Gauntlet | Found a transporter.
  9272 | Gauntlet | Noticed a green death
  9279 | Gauntlet | Reached ** piety under Ashenzari
  9290 | Gauntlet | Found a transporter.
  9307 | Gauntlet | Found a transporter.
  9309 | Gauntlet | Found a transporter.
  9310 | Gauntlet | Identified the ring of Wufer {rPois rF+ rC- Int+8 Stlth+}
  9339 | Gauntlet | Found a transporter.
  9359 | Gauntlet | Found a transporter.
  9361 | Gauntlet | Found a transporter.
  9361 | Gauntlet | Found a transporter.
  9427 | Gauntlet | Found a transporter.
  9430 | Gauntlet | Got the uncursed hat of Aloap {rN+ MR- Int+3}
  9462 | Gauntlet | Reached skill level 5 in Spellcasting
  9658 | Gauntlet | Identified the amulet of Spite {rPois rC- rN+++ Regen+
                  | Str-3}
  9658 | Gauntlet | Noticed a minotaur
  9693 | Gauntlet | Killed a minotaur
 10182 | D:11     | Noticed a two-headed ogre
 10189 | D:11     | Killed a two-headed ogre
 10442 | D:11     | Noticed a cyan ugly thing
 10448 | D:11     | Killed a cyan ugly thing
 10765 | D:11     | Noticed Erolcha
 10771 | D:11     | Killed Erolcha
 10771 | D:11     | Reached skill level 12 in Long Blades
 10857 | D:11     | Reached skill level 5 in Evocations
 11332 | D:9      | Reached XP level 12. HP: 85/97 MP: 21/21
 12209 | D:12     | Reached *** piety under Ashenzari
 13161 | D:13     | Noticed a centaur warrior
 13174 | D:13     | Killed a centaur warrior
 13175 | D:13     | Noticed a two-headed ogre
 13182 | D:13     | Killed a two-headed ogre
 13276 | D:13     | Noticed a vault guard
 13307 | D:13     | Killed a vault guard
 13409 | D:13     | Identified the +4 flail "Agunk" {pain, rF+}
 13483 | D:13     | Noticed an ettin
 13483 | D:13     | Noticed a centaur warrior
 13490 | D:13     | Killed an ettin
 13494 | D:13     | Killed a centaur warrior
 13607 | D:13     | Noticed a centaur warrior
 13619 | D:13     | Killed a centaur warrior
 13832 | D:13     | Reached skill level 13 in Long Blades
 13905 | D:13     | Reached XP level 13. HP: 48/110 MP: 25/25
 14073 | D:13     | Identified the +1 robe of the Pits of Slime {rF+ rC++ Int-3
                  | SInv}
 14083 | D:13     | HP: 5/111 [deep elf archer/arrow (13)]
 14085 | D:13     | Shot with an arrow by a deep elf archer

Levels and vault maps discovered:
D:1:      wander_arrival_fairy_ring, layout_rooms
D:2:      layout_loops_ring
D:3:      layout_rooms, first_ration, chequers_ecumenical_altar_simple
D:4:      layout_rooms, lemuel_coloured_pillars_altar, uniq_duvessa, uniq_pikel
D:5:      layout_cave_pods, nicolae_overflow_hidden_temple,
          minmay_temple_entry_statues_fountains, basic_altar
D:6:      layout_rooms, hangedman_feature_mirror, uniq_crazy_yiuf_cottage
D:7:      layout_loops_ring, kennysheep_mini, minmay_hollow_rounded_squares
D:8:      minmay_distorted_concentric_squares, layout_loops_ring, minitemple,
          grunt_lair_entry_orc_guard_hut, grunt_pizzeria, uniq_grum
D:9:      layout_rooms, uniq_joseph
D:10:     layout_loops_ring, orc_0_dummy, serial_shops, nicolae_shop_trees
D:11:     layout_stronghold, gauntlet_entry_generic, uniq_erolcha
D:12:     layout_basic, serial_glass, glass_columns_b, glass_columns_a
D:13:     layout_small_grid, grunt_vaults_entry_fortified, nzn_random_ring
Temple:   minmay_temple_bridge_abc
Lair:1:   layout_regular_city, basic_altar, uniq_gastronok, uniq_nergalle

Skill      XL: |  1  2  3  4  5  6  7  8  9 10 11 12 13 |
---------------+----------------------------------------+-----
Charms         | 3 4 5 6 7 8 |  8.9
Long Blades    | 3 4 6 8 10 11 12 13 | 13.1
Dodging        | 3 5 |  5.3
Shields        | 2 3 4 |  4.2
Fighting       | 3 5 6 8 9 |  9.0
Spellcasting   | 4 6 8 |  8.4
Evocations     | 1 5 7 |  7.7

Action                   |  1- 3 |  4- 6 |  7- 9 | 10-12 | 13-15 || total
-------------------------+-------+-------+-------+-------+-------++-------
Melee: Falchion          |    62 |   158 |   421 |   199 |       ||   840
       Tailslap          |     5 |    19 |    52 |   152 |     4 ||   232
       Headbutt          |     4 |    21 |    77 |   184 |     3 ||   289
       Scimitar          |       |       |       |   496 |    20 ||   516
 Cast: Infusion          |     2 |     4 |       |       |       ||     6
       Regeneration      |       |       |       |     2 |     1 ||     3
       Spectral Weapon   |       |       |       |       |     2 ||     2
Invok: Curse Item        |       |       |       |     4 |       ||     4
 Abil: Breathe Acid      |       |       |    21 |    22 |     1 ||    44
Evoke: Wand              |       |       |     1 |    11 |       ||    12
  Use: Potion            |     2 |     1 |       |    10 |       ||    13
       Scroll            |       |     6 |     3 |    15 |       ||    24
 Stab: Distracted        |       |       |     1 |       |     1 ||     2
       Sleeping          |       |       |     1 |       |       ||     1
       Invisible         |       |       |       |     1 |       ||     1
  Eat: Ration            |       |     1 |     1 |     5 |       ||     7
       Chunk             |       |     2 |    17 |    13 |       ||    32
Armor: Skin              |    13 |    31 |    72 |   108 |     2 ||   226
Dodge: Dodged            |    38 |    78 |   188 |   284 |     2 ||   590
Block: Other             |       |    10 |       |       |       ||    10
       Buckler           |       |     8 |   152 |   239 |     5 ||   404
       Reflection        |       |       |     2 |     9 |       ||    11
       Rpst.: Falchion   |    14 |    25 |    42 |    31 |       ||   112
       Scimitar          |       |       |       |    46 |       ||    46

Table legend:
 A = Non-vault XP
 B = Vault XP
 C = Vault XP percentage of total XP
 D = Non-vault monster count
 E = Vault monster count
 F = Vault count percentage of total count
                 A         B        C        D         E       F
            +---------+---------+-------+---------+---------+-------
      Total |   23927 |   16784 |  41.2 |     276 |      72 |  20.7
            +---------+---------+-------+---------+---------+-------
        D:1 |      14 |       0 |   0.0 |       9 |       0 |   0.0
        D:2 |      91 |       0 |   0.0 |      19 |       0 |   0.0
        D:3 |      41 |     651 |  94.1 |      19 |       1 |   5.0
        D:4 |     929 |     227 |  19.6 |      33 |       2 |   5.7
        D:5 |     260 |       0 |   0.0 |       8 |       0 |   0.0
        D:6 |     634 |     202 |  24.2 |      13 |       3 |  18.8
        D:7 |    1496 |    1079 |  41.9 |      24 |      16 |  40.0
        D:8 |     938 |    2295 |  71.0 |      12 |      16 |  57.1
        D:9 |    2087 |     445 |  17.6 |      40 |       1 |   2.4
       D:10 |     867 |       0 |   0.0 |      18 |       0 |   0.0
       D:11 |    5541 |    1062 |  16.1 |      26 |       1 |   3.7
       D:12 |    3375 |       0 |   0.0 |      28 |       0 |   0.0
       D:13 |    7654 |    7451 |  49.3 |      27 |      20 |  42.6
   Gauntlet |       0 |    3372 | 100.0 |       0 |      12 | 100.0
            +---------+---------+-------+---------+---------+-------
